[Event "*** MasterClass Titled Tuesday Blitz"]
[Site "Chess.com"]
[Date "2017.09.05"]
[Round "10"]
[White "Witik"]
[Black "GrigorGrigorov"]
[Result "0-1"]
[WhiteElo "2560"]
[BlackElo "2620"]
[TimeControl "180+2"]
[EndTime "15:25:55 PDT"]
[Termination "GrigorGrigorov won on time"]

1. e4 c5 2. Nf3 d6 3. Bb5+ Bd7 4.
Bxd7+ Nxd7 5. O-O Ngf6 6. Re1 e6 7. b3 Be7 8. Bb2 O-O 9. c4 a6 10. Nc3 Rc8 11. d4 cxd4 12. Nxd4 Re8 13. Re3 Bf8 14. Rg3 g6 15. Qd2 Bg7 16. Re1 Qa5 17. Rh3 Qc7 18.
Kh1 Qb8 19. f4 e5 20. fxe5 dxe5 21. Nc2 b5 22. Ne3 b4 23. Ncd5 Nxe4 24. Qe2 f5 25. g4 Ng5 26. Nxf5 Nxh3 27. Nxg7 Ng5 28. Nxe8 Rxe8 29. h4 Nf7 30. Rf1 Qd8 31. g5 Nd6 32. Qg4 Nf5 33. Rxf5 gxf5 34. Qxf5 Rf8 35. Qe6+ Rf7 36.
Bxe5 Nxe5 37. Qxe5 Qc8 38. Nf6+ Kf8 39. Kg2 Re7 40. Qf4 Rf7 41. Nxh7+ Kg7 42. Nf6 Qe6 43.
Kg3 Qe1+ 44. Kg4 Qg1+ 45. Kh5 Qd1+ 46. Qg4 Qd8 47. Qe4 Qd1+ 48. Ng4 Kg8 49. g6 Rd7 0-1

[Event "*** MasterClass Titled Tuesday Blitz"]
[Site "Chess.com"]
[Date "2017.09.05"]
[Round "10"]
[White "mwpchess"]
[Black "HKBurwell"]
[Result "1-0"]
[WhiteElo "2436"]
[BlackElo "2353"]
[TimeControl "180+2"]
[EndTime "15:25:59 PDT"]
[Termination "mwpchess won by resignation"]

1. e4 e5 2. Nf3 Nf6 3. Nc3 Nc6 4.
d4 exd4 5. Nxd4 Bb4 6. Nxc6 bxc6 7. Bd3 d5 8. exd5 O-O 9. O-O cxd5 10. h3 c6 11. Qf3 h6 12. Bf4 Be6 13. Ne2 Bc5 14.
Ng3 Bd6 15. Rae1 Qb8 16. Bxh6 Re8 17. Bc1 Nd7 18. Bf5 Ne5 19. Qd1 Qc8 20. Bxe6 Rxe6 21.
Qh5 Ng6 22. Nf5 Bc5 23. Be3 Bxe3 24. Rxe3 Rxe3 25. Nxe3 Qe6 26. Qf5 Rb8 27. b3 d4 28.
Qxe6 fxe6 29. Nc4 e5 30. Re1 Re8 31. f3 Kf7 32. Kf2 Kf6 33. g3 c5 34. h4 Re6 35. Re4 Ne7 36. f4 exf4 37. Rxf4+ Kg6 38. g4 Nd5 39. Rf5 Ne3 40. Nxe3 dxe3+ 41. Ke2 c4 42.
bxc4 Rc6 43. c5 Ra6 44. Kxe3 Rxa2 45. Kd3 Ra3+ 46. c3 Ra4 47. Rg5+ Kf6 48. c4 Ra3+ 49. Kd4 Rh3 50. Rf5+ Ke6 51. h5 Rg3 52. Rg5 Kf6 53.
Rg6+ Kf7 54. c6 1-0

[Event "*** MasterClass Titled Tuesday Blitz"]
[Site "Chess.com"]
[Date "2017.09.05"]
[Round "10"]
[White "biostatistician"]
[Black "michaelq2d5"]
[Result "0-1"]
[WhiteElo "2442"]
[BlackElo "2629"]
[TimeControl "180+2"]
[EndTime "15:26:04 PDT"]
[Termination "michaelq2d5 won by resignation"]

1. d4 Nf6 2. Nf3 d5 3. c4 dxc4 4. e3 e6 5. Bxc4 a6 6. O-O c5 7. b3 Nc6 8. Bb2 b5 9. Be2 Bb7 10. a4 b4 11. Nbd2 Be7 12. Nc4 O-O 13. Rc1 Rc8 14.
Nfe5 Nxe5 15. Nxe5 Nd5 16. Bf3 Qb6 17. Nd7 Qa7 18. Nxf8 Bxf8 19. Qd3 a5 20. Rfd1 Ba6 21.
Qd2 c4 22. bxc4 Bxc4 23. Be2 Qa6 24. Bxc4 Rxc4 25. Rxc4 Qxc4 26. Rc1 Qa2 27. Ra1 Qb3 28. e4 Nf4 29. Qxf4 Qxb2 30. Rd1 Qc2 31. Ra1 Qb2 32. Rd1 Qc2 33. Qd2 Qxe4 34. d5 exd5 35. Qxd5 Qc2 36.
Qd7 h5 37. h3 h4 38. Re1 b3 39. Qd1 Qc4 40. Qb1 Qxa4 41. Re3 Qa2 42. Rxb3 Qd2 43. Rb2 Qd4 44. Rb8 a4 45. Ra8 g6 46. Qe1 Kg7 47. Qe3 Qd1+ 48. Kh2 Bd6+ 49. f4 g5 50. g3 hxg3+ 51.
Kg2 Qc2+ 52. Kf3 Qc6+ 53. Qe4 Qxe4+ 54. Kxe4 g2 0-1

[Event "*** MasterClass Titled Tuesday Blitz"]
[Site "Chess.com"]
[Date "2017.09.05"]
[Round "10"]
[White "Bryakin_Mikhail"]
[Black "Makalexa"]
[Result "0-1"]
[WhiteElo "2504"]
[BlackElo "2173"]
[TimeControl "180+2"]
[EndTime "15:26:45 PDT"]
[Termination "Makalexa won by resignation"]

1. d4 Nf6 2. Bg5 e6 3. e4 h6 4.
Bxf6 Qxf6 5. Nf3 Qd8 6. c4 g6 7. Nc3 Bg7 8. Be2 O-O 9. O-O Nc6 10. d5 Ne5 11. Nxe5 Bxe5 12. f4 Bg7 13. f5 exf5 14.
exf5 d6 15. Bd3 Qg5 16. Qc2 Bd7 17. Kh1 Kh7 18. Ne4 Qh5 19. f6 Bh8 20. Ng3 Qg5 21. Ne4 Qh5 22. c5 Qxd5 23. Rad1 Qe5 24. cxd6 Bc6 25.
dxc7 Qxc7 26. Bb5 Rac8 27. Bxc6 Qxc6 28. Qd3 Rcd8 29. Qf3 Rxd1 30. Rxd1 Re8 31. Re1 Re6 32.
h3 Bxf6 33. Nxf6+ Rxf6 34. Qe3 a6 35. Qd2 Rd6 36. Qf2 Rf6 37. Qd2 Re6 38. Rf1 Rf6 39. Re1 h5 40. b3 Qd6 41. Qg5 Kg7 42. Qe3 Re6 43. Qc3+ Kh7 44. Rf1 Qe7 45. Qf3 Kg8 46. Qc3 Re2 47. Qc8+ Kg7 48. Qc3+ Qe5 49. Qf3 Qe6 50.
a4 b6 51. Qd3 a5 52. Qd4+ Kh7 53.
Rf6 Re1+ 54. Kh2 Qe7 55. Rxb6 Qc7+ 56. Qd6 Qc1 57. Qd4 Rh1+ 58. Kg3 Qe1+ 59. Qf2 h4+ 60. Kf3 Rf1 61. Qxf1 Qxf1+ 62. Ke4 Qxg2+ 63. Ke5 Qg3+ 64.
Kf6 Qf2+ 65. Ke7 Qxb6 0-1

[Event "*** MasterClass Titled Tuesday Blitz"]
[Site "Chess.com"]
[Date "2017.09.05"]
[Round "10"]
[White "2L8IWUN"]
[Black "novocane"]
[Result "1-0"]
[WhiteElo "1832"]
[BlackElo "2162"]
[TimeControl "180+2"]
[EndTime "15:26:55 PDT"]
[Termination "2L8IWUN won by resignation"]

1. d4 Nf6 2. Bf4 b6 3. e3 Bb7 4. Nf3 e6 5. Nbd2 Be7 6. Bd3 c5 7. h3 d6 8. c3 Nbd7 9. e4 Qc7 10. Qe2 e5 11. dxe5 Nxe5 12. Nxe5 dxe5 13. Bg3 O-O 14. Nf3 Bd6 15. Nd2 a6 16. Nc4 b5 17. Nxd6 Qxd6 18.
O-O Rfe8 19. Rfe1 Qe6 20. b3 Rad8 21. Rad1 Rd7 22. Bc2 Red8 23. Rxd7 Rxd7 24. Qe3 Qe7 25. Qg5 h6 26. Qxe5 Qxe5 27. Bxe5 Rd2 28. Bb1 c4 29. Bf4 Rb2 30. bxc4 bxc4 31. Bd6 Nd7 32. Ba3 Rd2 33. Bc1 Rd6 34. f3 Re6 35. Kf2 Nc5 36. Rd1 Rb6 37. Bc2 g6 38. Rd4 Nd3+ 39. Bxd3 cxd3 40. Rxd3 Rb1 41. Bxh6 Rb2+ 42. Rd2 Rb1 43. Be3 a5 44.
Bd4 Ba6 45. Kg3 Bc4 46. Be5 f6 47. Bxf6 Ra1 48. e5 Rxa2 49. Rxa2 Bxa2 50. Be7 Kf7 51. Bd6 Ke6 52. f4 Bd5 53. Kf2 Kf5 54. g4+ Kxf4 55. e6+ Ke4 56. e7 Bf7 57. h4 Kd3 58. Kg3 Kxc3 59. g5 Kb3 60. Kg4 a4 61. h5 gxh5+ 62.
Kf5 h4 63. g6 Be8 64. g7 Bd7+ 65. Kf4 h3 66. g8=Q+ 1-0

[Event "*** MasterClass Titled Tuesday Blitz"]
[Site "Chess.com"]
[Date "2017.09.05"]
[Round "10"]
[White "HanSchut"]
[Black "Alex_Molchanov"]
[Result "0-1"]
[WhiteElo "2326"]
[BlackElo "2495"]
[TimeControl "180+2"]
[EndTime "15:26:58 PDT"]
[Termination "Alex_Molchanov won by resignation"]

1. e4 e5 2. Nf3 Nc6 3. Bc4 Bc5 4. b4 Bb6 5. a4 a6 6. O-O d6 7. h3 Nf6 8. d3 O-O 9. c3 Be6 10. Qb3 Bxc4 11. Qxc4 Ne7 12. Bg5 Ng6 13. d4 c6 14.
Nbd2 h6 15. Be3 Qe7 16. Rad1 d5 17. exd5 cxd5 18. Qb3 e4 19. Ne5 Bc7 20. c4 Nxe5 21. dxe5 Qxe5 22. f4 exf3 23. Nxf3 dxc4 24. Nxe5 cxb3 25.
Nc4 Rfe8 26. Bxh6 Re4 27. Nd2 Rxb4 28. Bg5 Nd5 29. Rb1 b2 30. Rf3 Re8 31. Rd3 Re5 32.
Nf3 Rf5 33. g4 Bb6+ 34. Kh2 Bc7+ 35. Kh1 Rxg5 36. Nxg5 f6 37. Rxd5 fxg5 38. Kg2 Bf4 39. a5 Bc1 40. Kf3 Rb3+ 41. Kg2 Kf7 42. Rc5 Rb5 43.
Rc7+ Kf6 44. Rd7 Rxa5 45. Rxb7 Rb5 46. Rc7 a5 47. Rbxc1 bxc1=Q 48. Rxc1 a4 49. Rc6+ Ke5 50. Ra6 Rb2+ 51. Kf1 Ra2 52. Ra5+ Kf4 53. Ra8 Kg3 54. Ra5 Kh4 55. Ke1 a3 56. Kd1 Ra1+ 57. Kc2 a2 58. Kb2 Rh1 59. Kxa2 Rxh3 60. Kb2 Kxg4 61. Kc2 Re3 62.
Kd2 Re7 63. Ra4+ Kh3 64. Ra3+ Kh4 65. Ra8 g4 66. Rh8+ Kg3 67. Rh1 Kg2 68. Ra1 g3 69.
Ra2 Kh2 0-1

[Event "*** MasterClass Titled Tuesday Blitz"]
[Site "Chess.com"]
[Date "2017.09.05"]
[Round "10"]
[White "iusegine"]
[Black "Frolik67"]
[Result "0-1"]
[WhiteElo "2377"]
[BlackElo "2501"]
[TimeControl "180+2"]
[EndTime "15:27:07 PDT"]
[Termination "Frolik67 won by resignation"]

1. e4 e6 2. d4 d5 3. Nd2 Nf6 4. e5 Nfd7 5. c3 c5 6. f4 b6 7. Ndf3 g6 8. Ne2 a5 9. g3 Nc6 10. Bg2 cxd4 11. cxd4 Ba6 12. O-O Rc8 13. Rf2 Nb4 14. Nc3 Nd3 15. Rd2 Nxc1 16. Rxc1 Be7 17. Bf1 Bxf1 18. Qxf1 O-O 19. Rdc2 Bb4 20. a3 Bxc3 21.
Rxc3 Rxc3 22. Rxc3 Qb8 23. Qc1 b5 24. Rc7 Nb6 25.
Qc6 Nc4 26. Rb7 Qc8 27. Qxc8 Rxc8 28. Rxb5 Kg7 29. Kf2 Rc6 30. Ke2 Nb6 31. Rc5 Rxc5 32. dxc5 Nc4 33. b4 Kf8 34. b5 Ke7 35. b6 Kd7 36.
Nd4 Kc8 37. c6 Nxb6 38. Kd3 Nc4 39. Nb5 Kd8 40. Kd4 h6 41. Kc5 g5 42. a4 g4 43.
Nd6 Nb2 44. Kb5 d4 45. Nxf7+ Kc7 46. Nd6 d3 47. Ne4 h5 48. Nd2 Nd1 49. f5 exf5 50.
e6 Kd6 51. Kxa5 Kxc6 52. Ka6 Nc3 53. e7 Kd7 54. a5 Ne4 55. Nc4 Kxe7 56. Kb6 Nd6 57. Ne3 h4 58. a6 Kd7 59. gxh4 d2 60. Kc5 f4 61. a7 fxe3 62. a8=Q d1=Q 63. Qa7+ Ke6 64. Qa2+ Ke5 65. Qb2+ Kf4 66. Qf6+ Nf5 67. Qg5+ Ke4 0-1

[Event "*** MasterClass Titled Tuesday Blitz"]
[Site "Chess.com"]
[Date "2017.09.05"]
[Round "10"]
[White "BartoszSocko"]
[Black "ViIIagra"]
[Result "0-1"]
[WhiteElo "2629"]
[BlackElo "2681"]
[TimeControl "180+2"]
[EndTime "15:27:19 PDT"]
[Termination "ViIIagra won by resignation"]

1. e4 c5 2. Nf3 d6 3. d4 cxd4 4. Nxd4 Nf6 5. Nc3 Nc6 6. Bg5 e6 7. Qd2 a6 8. O-O-O h6 9. Be3 Be7 10. f3 Nxd4 11. Qxd4 e5 12. Qd2 Be6 13. Kb1 Rc8 14. g4 Qa5 15. Nd5 Qxd2 16. Rxd2 Bxd5 17. exd5 Nd7 18. h4 Bd8 19. c4 Bb6 20. Bxb6 Nxb6 21.
b3 Ke7 22. Bd3 g6 23. h5 Kf6 24. Kb2 Nd7 25. b4 e4 26. fxe4 Ne5 27. Kb3 Nxg4 28.
Rf1+ Ke7 29. Be2 Ne5 30. Rc2 b6 31. Rfc1 gxh5 32. Bxh5 Rhg8 33. Rc3 Rg5 34. Rh3 Rg2 35. a3 Rd2 36. Rcc3 Rd4 37. Be2 Rxe4 38. Rce3 Rxe3+ 39. Rxe3 f5 40. Rh3 Rh8 41. Kc3 Kf6 42. Kd4 Ng6 43. Re3 Nf4 44. Bf1 h5 45. Rf3 Kg5 46.
Rg3+ Kf6 47. Rf3 Ng6 48. Re3 Ne5 49. c5 bxc5+ 50. bxc5 dxc5+ 51. Kxc5 f4 52. Re4 Kf5 53. Ra4 h4 54. Bh3+ Kg5 55. d6 f3 56. Kd5 Ng6 57. Rg4+ Kh5 58. d7 f2 59. Re4 Rd8 60. Kd6 Kg5 61.
Kc7 Ra8 62. d8=Q+ Rxd8 63. Kxd8 Nf4 64. Re5+ Kg6 65. Bf1 h3 66. Re8 h2 67. Rh8 Nh5 68.
Rg8+ Kh7 69. Rg2 h1=Q 70. Rxf2 Qd5+ 71. Ke7 Qc5+ 0-1

[Event "*** MasterClass Titled Tuesday Blitz"]
[Site "Chess.com"]
[Date "2017.09.05"]
[Round "10"]
[White "jk13"]
[Black "PowerThinking2650"]
[Result "0-1"]
[WhiteElo "2417"]
[BlackElo "2246"]
[TimeControl "180+2"]
[EndTime "15:27:42 PDT"]
[Termination "PowerThinking2650 won by resignation"]

1. e4 e5 2. Nf3 Nc6 3. Bc4 Nf6 4. d3 Be7 5. O-O O-O 6. Re1 d6 7. a4 Be6 8. Nc3 Bxc4 9. dxc4 Nd7 10.
Nd5 a5 11. c3 f5 12. exf5 Rxf5 13. Be3 Rf8 14. Nd2 b6 15. Ne4 Kh8 16. b3 Nc5 17.
Qc2 Nxe4 18. Qxe4 Qd7 19. Rad1 Rae8 20. f3 Nd8 21. Bf2 Ne6 22. Qg4 Bd8 23. Be3 Qf7 24. Rf1 Qf5 25. Qe4 Rf7 26. g4 Qxe4 27. fxe4 Ref8 28.
Rxf7 Rxf7 29. Kg2 Bg5 30. Kg3 Bxe3 31. Nxe3 Rf4 32. Rf1 Rxf1 33. Nxf1 Nc5 34. Nd2 Kg8 35. g5 Kf7 36. Kg4 Kg6 37. h4 h5+ 38. Kg3 Kf7 39.
Kf3 Ke6 40. Ke3 Kd7 41. Kf3 c6 42. Ke3 Kc7 43. Kf3 Kb7 44. Ke3 Ka6 45. Kf3 Ne6 46. Ke3 Nf4 47. Kf3 Nd3 48. Ke3 Nf4 49.
Kf3 b5 50. cxb5+ cxb5 51. axb5+ Kxb5 52. Nb1 Kc5 53. Na3 Nd3 54. Nb1 Nc1 55. Nd2 g6 56. Ke3 Kb5 57. Kf3 Nd3 58. Ke3 Nf4 59. Kf3 Kc5 60.
Nb1 d5 61. exd5 Kxd5 62. Nd2 Nd3 63. Ke3 Nc5 64. c4+ Ke6 65. Kf3 Kf5 66. Kg3 e4 67. Kf2 Kf4 68. Ke2 Nd3 69. Nf1 Nc1+ 70. Kd2 Nxb3+ 71.
Kc3 Nc5 72. Kd4 Nb3+ 73. Kc3 Nc5 74. Kd4 Nd7 75. Ne3 a4 76. Nd5+ Kf3 77. Nc3 a3 78.
c5 Nxc5 79. Kxc5 e3 80. Kb4 e2 81. Nxe2 Kxe2 82. Kxa3 Kf3 83. Kb4 Kg4 84. Kc4 Kxh4 85. Kd4 Kxg5 86. Ke4 Kg4 0-1

[Event "*** MasterClass Titled Tuesday Blitz"]
[Site "Chess.com"]
[Date "2017.09.05"]
[Round "10"]
[White "champ2005"]
[Black "chessking2151"]
[Result "1/2-1/2"]
[WhiteElo "2487"]
[BlackElo "2359"]
[TimeControl "180+2"]
[EndTime "15:27:43 PDT"]
[Termination "Game drawn by agreement"]

1. e4 e5 2. Nf3 Nc6 3. Bb5 a6 4.
Ba4 Nf6 5. O-O b5 6. Bb3 Bb7 7. c3 Nxe4 8. Re1 d5 9. d3 Nc5 10. Nxe5 Nxe5 11. Rxe5+ Ne6 12. d4 Bd6 13. Re1 O-O 14. Nd2 c5 15. dxc5 Bxc5 16. Nf3 d4 17.
Ne5 dxc3 18. bxc3 Qxd1 19. Rxd1 Rfd8 20. Bb2 a5 21. a3 Rxd1+ 22. Rxd1 Rd8 23. Rxd8+ Nxd8 24.
a4 bxa4 25. Bxa4 Bd6 26. Nc4 Bc7 27. Bc1 Ne6 28. Be3 Bd5 29. Nd2 Nf4 30. c4 Be6 31.
c5 Ne2+ 32. Kf1 Nc3 33. Bc2 a4 34. Bd4 Nb5 35. Ba1 a3 36. Bd3 Na7 37. Be4 Nb5 38.
Ke2 f5 39. Bd3 Na7 40. g3 Nc6 41. f4 Kf7 42. Nf3 h6 43. Kd2 Nb4 44. Bb5 Bd5 45. Nd4 g6 46. Bc3 Na2 47. Ba1 Ba5+ 48. Kd3 Nb4+ 49.
Ke2 Ke7 50. h3 Na2 51. Kd3 Nc1+ 52. Kc2 Na2 53. g4 Nb4+ 54. Kd1 Be4 55. gxf5 gxf5 56. Bc3 a2 57. Ba1 Bc7 58. Ne2 Nd3 59. Bxd3 Bxd3 60.
Nc1 Be4 61. Nxa2 Bxf4 62. Nb4 Be3 63. c6 Bc5 64. Bc3 Kd6 65. Bd2 h5 66. Bf4+ Ke7 67.
c7 Kd7 68. Na2 Bb6 69. Nc3 Bc6 70. Ne2 Bxc7 71. Bxc7 Kxc7 72. Nd4 Be4 73. Ke2 Kd6 74.
Ke3 Ke5 75. Ne2 h4 76. Nf4 Kf6 77. Kf2 Kg5 78. Ke3 Ba8 79. Ne6+ Kf6 80. Nf4 Be4 81.
Kf2 Kg5 82. Ke3 Kf6 83. Kf2 Bc6 84. Ke3 1/2-1/2

[Event "*** MasterClass Titled Tuesday Blitz"]
[Site "Chess.com"]
[Date "2017.09.05"]
[Round "10"]
[White "TomsKantans"]
[Black "ChessQueen"]
[Result "0-1"]
[WhiteElo "2431"]
[BlackElo "2606"]
[TimeControl "180+2"]
[EndTime "15:28:27 PDT"]
[Termination "ChessQueen won by checkmate"]

1. e4 c5 2. Nf3 e6 3. d4 cxd4 4. Nxd4 Nc6 5. Nc3 Nf6 6. Ndb5 Bc5 7. Bf4 O-O 8. Bc7 Qe7 9. Bd6 Bxd6 10. Qxd6 Ne8 11. Qxe7 Nxe7 12. O-O-O f5 13. Nd6 Nxd6 14. Rxd6 fxe4 15. Nxe4 Nf5 16. Rd2 b6 17. Bb5 d5 18.
Ng5 a6 19. Bc6 Ra7 20. Re1 Rc7 21. Nxe6 Rxc6 22. Nxf8 Kxf8 23. Rxd5 Kf7 24. b3 Nd6 25.
Kb2 Be6 26. Rd2 Nf5 27. f3 h5 28. c4 h4 29. a4 Nd6 30. Rd4 g5 31. Re2 Kf6 32.
Red2 Ke5 33. Kc3 b5 34. Re2+ Kf6 35. axb5 axb5 36. f4 bxc4 37. fxg5+ Kf5 38. bxc4 Nb5+ 39. Kd3 Nxd4 40. Kxd4 Rxc4+ 41. Kd3 Rg4 42. Ke3 Rxg5 43. Rf2+ Kg6 44. Rf4 Kh5 45. Kf2 Ra5 46. Re4 Bf5 47.
Re3 Kg5 48. h3 Ra2+ 49. Kg1 Ra1+ 50. Kh2 Ra2 51. Kg1 Kf4 52. Rf3+ Ke4 53. Rf2 Ra3 54. Kh2 Rg3 55. Re2+ Kf4 56. Rf2+ Kg5 57. Re2 Bd7 58.
Rc2 Bf5 59. Re2 Rd3 60. Rb2 Kf4 61. Rf2+ Ke5 62. Re2+ Be4 63. Rf2 Rg3 64. Rb2 Kf4 65.
Rf2+ Ke3 66. Rb2 Bd5 67. Rc2 Be4 68. Rb2 Rg8 69. Ra2 Bd3 70. Ra4 Be4 71. Ra2 Bd5 72.
Rb2 Bc4 73. Rc2 Bf1 74. Rb2 Be2 75. Rb4 Bf1 76. Rxh4 Rxg2+ 77. Kh1 Rg7 78. Rg4 Rh7 79. h4 Kf3 80. Rb4 Bd3 81. Kh2 Be4 82. Kh3 Bf5+ 83.
Kh2 Bg4 84. Rb3+ Kf2 85. Rb4 Rxh4# 0-1